 Dungeon Crawl Stone Soup version 0.28-a0-512-g960c72b710 (webtiles) character file.

Game seed: 1324936344892376545

78 Lekart the Skirmisher (level 4, -9/40 HPs)
             Began as a Draconian Abyssal Knight on Sept 22, 2021.
             Was a Believer of Lugonu.
             Killed by divine providence
             ... invoked by an orc priest
              (16 damage)
             ... on level 3 of the Dungeon.
             The game lasted 00:02:07 (3110 turns).

Lekart the Skirmisher (Draconian Abyssal Knight)    Turns: 3110, Time: 00:02:07

Health: -9/40      AC:  5    Str: 15    XL:     4   Next: 15%
Magic:  5/5        EV: 12    Int: 10    God:    Lugonu [**....]
Gold:   100        SH:  0    Dex: 13    Spells: 3/3 levels left

rFire   . . .      SeeInvis .   a - +1 falchion
rCold   . . .      Faith    .   (no shield)
rNeg    . . .      Spirit   .   (armour unavailable)
rPois   .          Reflect  .   (helmet restricted)
rElec   .          Harm     .   (no cloak)
rCorr   .          Rampage  .   (no gloves)
Will    .....                   (no boots)
Stlth   +.........              (no amulet)
HPRegen 0.13/turn               (no ring)
MPRegen 0.09/turn               (no ring)

@: no status effects
A: AC +5, unfitting armour, cold-blooded
a: Renounce Religion, Depart the Abyss, Bend Space


You were on level 3 of the Dungeon.
You worshipped Lugonu.
Lugonu was pleased with you.
You visited 1 branch of the dungeon, and saw 3 of its levels.
You visited the Abyss 1 time.

You collected 100 gold pieces.

Inventory:

Hand Weapons
 a - a +1 falchion (weapon)
Scrolls
 c - 2 scrolls of identify
Potions
 b - a potion of flight
 e - a potion of brilliance
 f - a potion of might


   Skills:
 + Level 3.9 Fighting
 + Level 3.0 Long Blades
 + Level 2.8 Dodging
 * Level 2.6 Invocations


You had 3 spell levels left.
You didn't know any spells.
Your spell library was empty.

Dungeon Overview and Level Annotations

Branches:
Dungeon (3/15)

Altars:

Annotations:
D:2 1 runed translucent door, Crazy Yiuf


Innate Abilities, Weirdness & Mutations

Your plain brown scales are hard. (AC +5)
You cannot fit into any form of body armour.
You are cold-blooded and may be slowed by cold attacks.


Message History

The orc's wounds heal themselves!
You closely miss the orc wizard.
Your tail-slap misses the orc wizard.
The orc wizard is heavily wounded.
The orc priest calls upon Beogh to heal the orc wizard.
The orc wizard is healed somewhat.
The orc wizard hits you but does no damage.
You slash the orc wizard!
Your tail-slap misses the orc wizard.
The orc wizard is severely wounded.
The orc wizard hits you with a +0 dagger.
You completely miss the orc wizard.
The orc wizard is severely wounded.
The orc wizard hits you with a +0 dagger.
You closely miss the orc wizard.
You tail-slap the orc wizard, but do no damage.
The orc wizard is severely wounded.
The orc wizard casts a spell at you. The magic dart hits you.
You are too injured to fight recklessly!
You are too injured to fight recklessly!
The orc wizard gestures at you while chanting.
The magic dart hits you. The orc wizard casts a spell at you.
The puff of flame misses you.
You see here 14 sling bullets.
The orc wizard casts a spell at you.
You are confused.
The orc wizard gestures at you while chanting.
You resist with some effort.
You bump into the rock wall.
You bump into the rock wall.
The orc wizard points at you and mumbles some strange words.
The puff of flame hits you!
* * * LOW HITPOINT WARNING * * *
You hit the orc wizard.
The orc wizard is almost dead.
You feel less confused. The orc wizard misses you.
The orc priest invokes the aid of Beogh against you.
Beogh smites you!
You die...

..#..##.###.###.########..
.............##...## ###
#########.#####.....#
#.....##.# ##...##
#.....##.# ##.## #
#........# #.#### ##
#.....#### #.##.## ##.
#......#########.#...####..
+.....oo.o@.............'..
###...o#######......)####..
#.#.## #.#.##.## ##. #.oo#
#.#.##.# ## ###.# #.#.##.#
# #o# #.#.##.# ##### #o#
#.#.##.# #.... #.## #.#
#.#.##.###.###
.....######.# #........#.#


You could see an orc priest, an orc wizard and 2 orcs.

Vanquished Creatures
  3 adders
  An ufetubus (D:2)
  A dart slug (D:2)
  An orc (D:3)
  5 endoplasms
  A giant cockroach (D:1)
  3 hobgoblins
  4 jackals (D:2)
  12 kobolds
  4 ball pythons
  4 bats
  2 frilled lizards (D:1)
  A goblin (D:1)
  2 rats (D:1)
44 creatures vanquished.

Notes
Turn   | Place    | Note
-------+----------+-------------------------------------------
     0 | Abyss:1  | Lekart the Draconian Abyssal Knight began the quest for the
                  | Orb.
     0 | Abyss:1  | Reached XP level 1. HP: 19/19 MP: 2/2
    24 | D:1      | Escaped the Abyss
   140 | D:1      | Reached XP level 2. HP: 22/26 MP: 3/3
   202 | D:1      | Found a faded altar of an unknown god.
   776 | D:1      | Reached ** piety under Lugonu
   964 | D:2      | Reached XP level 3. HP: 31/33 MP: 4/4
  1491 | D:2      | Found a runed translucent door.
  1492 | D:2      | Noticed Crazy Yiuf
  2880 | D:3      | Reached XP level 4. HP: 20/40 MP: 5/5
  3110 | D:3      | Killed from afar by an orc priest

Illustrated notes

Levels and vault maps discovered:
D:1:      eino_arrival_tree_alley, layout_basic,
          shapermc_ecumenical_altar_mp_ritualfount
D:2:      layout_basic, uniq_crazy_yiuf_cottage
D:3:      layout_loops_corners, chequers_decorated_corner, uniq_grinder

Skill      XL: |  1  2  3 |
---------------+----------+-----
Long Blades    | 3 |  3.0
Fighting       | |  3.9
Dodging        | |  2.8
Invocations    | |  2.6

Action                   |  1- 3 |  4- 6 || total
-------------------------+-------+-------++-------
Melee: Falchion          |   134 |    10 ||   144
       Tailslap          |    10 |     1 ||    11
  Use: Scroll            |     5 |       ||     5
       Potion            |     1 |       ||     1
Armor: Skin              |    52 |     2 ||    54
Dodge: Dodged            |   124 |     2 ||   126

Table legend: (Time is in decaauts)
 A = Elapsed time spent in this place.
 B = Non-inter-level travel time spent in this place.
 C = Inter-level travel time spent in this place.
 D = Time resting spent in this place.
 E = Time spent auto-exploring this place.
 F = Levels seen in this place.
 G = Mean time per level.
                   A        B        C        D        E       F      G
               +--------+--------+--------+--------+--------+-----+--------+
         Total |   3134 |   3006 |    128 |    362 |   2243 |   4 |  783.5 |
       Dungeon |   3110 |   2982 |    128 |    362 |   2243 |   3 | 1036.7 |
         Abyss |     24 |     24 |      0 |      0 |      0 |   1 |   24.0 |
               +--------+--------+--------+--------+--------+-----+--------+

Top non-repeatable levels by time:
     D:2: 1440 daAuts
     D:1: 864 daAuts
     D:3: 805 daAuts
 Abyss:1: 24 daAuts
